 Dungeon Crawl Stone Soup version 0.31-a0-691-g409c26aa35 (webtiles) character file.

Game seed: 12218081015928517009

392 cforsyth the Trooper (level 6, -2/53 HPs)
             Began as a Demonspawn Chaos Knight on Sept 6, 2023.
             Was a Plaything of Xom.
             Slain by a gnoll
             ... wielding a +2 whip of pain
             ... led by a gnoll sergeant
              (4 damage)
             ... on level 3 of the Dungeon.
             The game lasted 00:05:21 (3901 turns).

cforsyth the Trooper (Demonspawn Chaos Knight)      Turns: 3901, Time: 00:05:21

Health: -2/53      AC: 11    Str: 13    XL:     6   Next: 50%
Magic:  6/6        EV: 11    Int: 13    God:    Xom [...*..]
Gold:   278        SH:  0    Dex: 16    Spells: 5/5 levels left

rFire   . . .        m - +1 dagger of Mulureg {spect, rPois Dex+2 Stlth+}
rCold   . . .        (no shield)
rNeg    . . .        b - +2 leather armour
rPois   +            o - +0 helmet
rElec   .            (no cloak)
rCorr   .            d - +2 pair of gloves
SInv    .            (no boots)
Will    .....        (no amulet)
Stlth   ++           (no ring)
HPRegen 0.28/turn    (no ring)
MPRegen 0.10/turn

%: no passive effects
@: no status effects
A: thin metallic scales 1, powered by death 1, weakness stinger 1
a: Renounce Religion


You were on level 3 of the Dungeon.
You worshipped Xom.
You were a favourite toy of Xom.
You visited 1 branch of the dungeon, and saw 4 of its levels.

You collected 278 gold pieces.

Inventory:

Hand Weapons
 a - a +0 falchion of chaos
 m - the +1 dagger of Mulureg (weapon) {spect, rPois Dex+2 Stlth+}
   (You found it on level 2 of the Dungeon)

   Dex+2:     It affects your dexterity (+2).
   rPois:     It protects you from poison Stlth+: It makes you more stealthy.
Missiles
 e - 2 throwing nets
Armour
 b - a +2 leather armour (worn)
 d - a +2 pair of gloves (worn)
 o - a +0 helmet (worn)
Wands
 p - a wand of roots (9)
 r - a wand of acid (6)
Scrolls
 g - 4 scrolls of teleportation {unknown}
 i - 4 scrolls of identify {unknown}
 j - a scroll of brand weapon {unknown}
 k - a scroll of blinking {unknown}
 q - 2 scrolls of enchant armour {unknown}
 s - a scroll of immolation {unknown}
 u - a scroll of fear {unknown}
Potions
 f - 3 potions of heal wounds {unknown}
 h - 3 potions of mutation {unknown}
 l - a potion of enlightenment {unknown}
 n - 2 potions of attraction {unknown}
 t - a potion of degeneration {unknown}
 v - a potion of invisibility {unknown}


   Skills:
 + Level 6.6 Fighting
 - Level 3.5 Long Blades
 - Level 2.2 Armour
 - Level 1.4 Dodging


You had 5 spell levels left.
You didn't know any spells.
Your spell library contained the following spells:

 Spells                   Type           Power      Damage    Failure   Level
 Apportation              Tloc           0%         N/A       36%         1
 Necrotise                Necr           0%         1d4       36%         1
 Slow                     Hex            0%         N/A       36%         1
 Summon Small Mammal      Summ           0%         N/A       36%         1
 Poisonous Vapours        Pois/Air       0%         N/A       52%         2
 Scorch                   Fire           0%         2d5       52%         2
 Confusing Touch          Hex            0%         N/A       75%         3
 Mephitic Cloud           Conj/Pois/Air  0%         N/A       75%         3
 Vampiric Draining        Necr           0%         2d6       75%         3
 Flame Wave               Conj/Fire      0%         2d4       98%         4
 Freezing Cloud           Conj/Ice/Air   0%         6-21      100%        5
 Summon Cactus Giant      Summ           0%         N/A       100%        6


Dungeon Overview and Level Annotations

Branches:
Dungeon (4/15)
 Temple: D:4-7

Altars:
Yredelemnul

Shops:
D:3 *


Innate Abilities, Weirdness & Mutations

You are partially covered in thin metallic scales. (AC +2)
You regenerate a little health from kills.
You have a small tail.


Message History

You are too injured to fight recklessly!
You are too injured to fight recklessly!
Your +1 dagger of Mulureg {spect, rPois Dex+2 Stlth+} disappears.
The gnoll sergeant hits you but does no damage.
There is a stone staircase leading up, spattered with blood here.
The gnoll hits you with a +2 whip of pain.
You writhe in agony.
The gnoll sergeant hits you but does no damage.
You climb upwards.
There is a stone staircase leading down here.
You hit the gnoll but do no damage.
Your +1 dagger of Mulureg {spect, rPois Dex+2 Stlth+} hits the gnoll.
The gnoll hits you with a +2 whip of pain!
* * * LOW HITPOINT WARNING * * *
You hit the gnoll.
The gnoll is moderately wounded.
Your +1 dagger of Mulureg {spect, rPois Dex+2 Stlth+} hits the gnoll but does no damage.
The gnoll hits you with a +2 whip of pain!
* * * LOW HITPOINT WARNING * * *
You barely miss the gnoll.
The gnoll is moderately wounded.
Your +1 dagger of Mulureg {spect, rPois Dex+2 Stlth+} barely misses the gnoll.
The gnoll closely misses you.
You barely miss the gnoll.
You tail-slap the gnoll, but do no damage.
The gnoll is moderately wounded.
Your +1 dagger of Mulureg {spect, rPois Dex+2 Stlth+} hits the gnoll.
The gnoll misses you.
You hit the gnoll.
The gnoll is severely wounded.
Your +1 dagger of Mulureg {spect, rPois Dex+2 Stlth+} hits the gnoll but does no damage.
The gnoll hits your +1 dagger of Mulureg {spect, rPois Dex+2 Stlth+} with a +2 whip of pain.
Your spectral weapon shares its damage with you!
* * * LOW HITPOINT WARNING * * *
You closely miss the gnoll. You tail-slap the gnoll.
The gnoll is almost dead.
Your +1 dagger of Mulureg {spect, rPois Dex+2 Stlth+} hits the gnoll but does no damage.
The gnoll hits you with a +2 whip of pain.
You die... "Huh?
Did I miss anything?"

..# #)..##.# ####.###........#
..# #......# #....# #.........
..# #......####.#### #........#
..# #.......##..######........#
#.#####........#.###.............
......'......#...#....##.........
..#####......##(.#....##.........
### #...†..##g)#....##.........
.# #..(...###@#....##...######
.### #......###[#....##<..#≈≈≈≈≈
...# #..........#....######≈....
...####..........#....######≈)###
.................#.........'..8#8
................)#........##≈.###
.................#........##≈....
.................#........##≈≈≈≈≈
##...............#.........######


You could see a gnoll and a friendly +1 dagger of Mulureg {spect, rPois Dex+2
Stlth+}.

Vanquished Creatures
  A black bear (D:4)
  A hound (D:4)
  An orc priest (D:3)
  An iguana (D:3)
  7 gnolls
  4 adders
  A white imp (D:4)
  A worm (D:2)
  4 dart slugs
  3 orcs (D:3)
  5 endoplasms
  2 giant cockroaches
  9 goblins
  2 hobgoblins
  4 jackals (D:3)
  3 kobolds
  7 quokkas
  11 ball pythons
  3 bats
  3 frilled lizards
  11 rats
84 creatures vanquished.

Vanquished Creatures (collateral kills)
  A gnoll (D:3)
1 creature vanquished.

Grand Total: 85 creatures vanquished

Notes
Turn   | Place    | Note
-------+----------+-------------------------------------------
     0 | D:1      | cforsyth the Demonspawn Chaos Knight began the quest for
                  | the Orb.
     0 | D:1      | Reached XP level 1. HP: 18/18 MP: 1/1
    18 | D:1      | Reached skill level 1 in Dodging
   175 | D:1      | Gained mutation: You regenerate a little health from kills.
                  | [demonic ancestry]
   175 | D:1      | Reached XP level 2. HP: 24/24 MP: 2/2
   566 | D:1      | Reached XP level 3. HP: 29/29 MP: 3/3
   632 | D:1      | XOM: divination: magic mapping
  1044 | D:1      | XOM: divination: magic mapping
  1061 | D:1      | XOM: silly message
  1197 | D:1      | XOM: confuse monster(s)
  1216 | D:2      | XOM: butterfly on damage
  1310 | D:2      | XOM: smoke on damage
  1348 | D:2      | Reached XP level 4. HP: 36/37 MP: 4/4
  1391 | D:2      | XOM: god gift: orcbow {god gift}
  1435 | D:2      | XOM: god gift: sedimented puce potion {god gift}
  1604 | D:2      | Identified the +1 dagger of Mulureg {spect, rPois Dex+2
                  | Stlth+}
  1791 | D:3      | Reached skill level 4 in Fighting
  1970 | D:3      | XOM: silly message
  1984 | D:3      | XOM: silly message
  2039 | D:3      | XOM: noise
  2061 | D:3      | XOM: enchant monster (good)
  2090 | D:3      | Gained mutation: You are partially covered in thin metallic
                  | scales. (AC +2) [demonic ancestry]
  2090 | D:3      | Reached XP level 5. HP: 42/43 MP: 5/5
  2090 | D:3      | XOM: polymorph gnoll -> iguana
  2110 | D:3      | XOM: confuse monster(s)
  2123 | D:3      | Reached skill level 5 in Fighting
  2197 | D:3      | XOM: divination: detect items
  2243 | D:3      | XOM: 1-stop teleportation journey
  2334 | D:3      | XOM: silly message
  2508 | D:3      | Found Qecso's General Store.
  2567 | D:3      | XOM: silly message
  2810 | D:3      | XOM: divination: magic mapping
  3197 | D:4      | XOM: silly message
  3236 | D:4      | Found a basalt altar of Yredelemnul.
  3321 | D:4      | Noticed a black bear
  3330 | D:4      | XOM: enchant monster (good)
  3336 | D:4      | XOM: cast spell 'Summon Ice Beast'
  3339 | D:4      | Killed a black bear
  3340 | D:4      | Reached skill level 6 in Fighting
  3340 | D:4      | Gained mutation: You have a small tail. [demonic ancestry]
  3340 | D:4      | Reached XP level 6. HP: 25/52 MP: 6/6
  3507 | D:4      | Identified the +1 spear of a Thousand Xeniums {flame, Str+3
                  | Int+3}
  3605 | D:4      | XOM: silly message
  3900 | D:3      | HP: 1/53 [gnoll/+2 whip of pain[a gnoll sergeant] (4)]
  3901 | D:3      | Slain by a gnoll

Illustrated notes

Levels and vault maps discovered:
D:1:      dpeg_arrival_ratfight, layout_basic
D:2:      layout_rooms
D:3:      layout_basic, serial_shops, shop, kennysheep_generic_room_11
D:4:      layout_loops_ring, lemuel_round_altar,
          mainiacjoe_overflow_cross_hatched

Skill      XL: |  1  2  3  4  5 |
---------------+----------------+-----
Dodging        | 1 |  1.4
Armour         | 2 |  2.2
Long Blades    | 3 |  3.5
Fighting       | 4 6 |  6.6

Action                     |  1- 3 |  4- 6 || total
---------------------------+-------+-------++-------
  Melee: Falchion          |   138 |    29 ||   167
         Punch             |     4 |     5 ||     9
         Dagger            |       |   211 ||   211
         Tailslap          |       |    15 ||    15
  Evoke: Wand              |       |     2 ||     2
    Use: Scroll            |       |     1 ||     1
   Stab: Confused          |     3 |     1 ||     4
         Sleeping          |       |     2 ||     2
 Armour: Leather armour    |   102 |   192 ||   294
  Dodge: Dodged            |    91 |   141 ||   232

Table legend: (Time is in decaauts)
 A = Elapsed time spent in this place.
 B = Non-inter-level travel time spent in this place.
 C = Inter-level travel time spent in this place.
 D = Time resting spent in this place.
 E = Time spent auto-exploring this place.
 F = Levels seen in this place.
 G = Mean time per level.
                   A        B        C        D        E       F      G
               +--------+--------+--------+--------+--------+-----+--------+
         Total |   3908 |   3726 |    182 |    349 |   2570 |   4 |  977.0 |
       Dungeon |   3908 |   3726 |    182 |    349 |   2570 |   4 |  977.0 |
               +--------+--------+--------+--------+--------+-----+--------+

Top non-repeatable levels by time:
     D:3: 1571 daAuts
     D:1: 1213 daAuts
     D:4: 592 daAuts
     D:2: 530 daAuts
